 Dungeon Crawl Stone Soup version 0.24.0-1-gfbc8707122 (webtiles) character file.

Game seed: 17185643842160905418, levelgen mode: deterministic

1327 mortelune the Cudgeler (level 8, -5/51 HPs)
             Began as a Gargoyle Fighter on Oct 26, 2019.
             Slain by an orc warrior
             ... wielding a +0 short sword
              (10 damage)
             ... on level 6 of the Dungeon.
             The game lasted 00:12:18 (6121 turns).

mortelune the Cudgeler (Gargoyle Fighter)           Turns: 6121, Time: 00:12:18

Health: -5/51      AC: 14    Str: 27    XL:     8   Next: 60%
Magic:  8/8        EV:  8    Int:  9    God:
Gold:   204        SH: 10    Dex:  9    Spells: 7/7 levels left

rFire    + . .     SeeInvis .   a - +0 flail
rCold    . . .     Gourm    .   c - +0 shield
rNeg     + + .     Faith    .   b - +0 scale mail
rPois    ∞         Spirit   .   (no helmet)
rElec    +         Reflect  .   (no cloak)
rCorr    .         Harm     .   (no gloves)
MR       .....                  w - +0 pair of boots
Stlth    ..........             (no amulet)
HPRegen  0.17/turn              i - ring of positive energy
MPRegen  0.11/turn              k - ring of protection from fire

@: mighty, slowed, very slow
A: negative energy resistance 1, electricity resistance, unbreathing,
petrification resistance, rot immunity, AC +5
a: no special abilities


You were on level 6 of the Dungeon.
You were very hungry.

You visited 1 branch of the dungeon, and saw 7 of its levels.

You collected 204 gold pieces.

Inventory:

Hand Weapons
 a - a +0 flail (weapon)
 j - a +0 mace
Armour
 b - a +0 scale mail (worn)
 c - a +0 shield (worn)
 w - a +0 pair of boots (worn)
Jewellery
 i - a ring of positive energy (left hand)
 k - a ring of protection from fire (right hand)
Wands
 p - a wand of iceblast (5)
Scrolls
 g - a scroll of teleportation {unknown}
 l - 2 scrolls of blinking {unknown}
 o - 3 scrolls of random uselessness {unknown}
 q - 4 scrolls of remove curse {unknown}
 r - a scroll of amnesia {unknown}
 s - a scroll of enchant weapon {unknown}
 v - a scroll of enchant armour {unknown}
 y - a scroll of acquirement {unknown}
 B - a scroll of fear {unknown}
 C - a scroll of identify {unknown}
Potions
 e - 2 potions of haste {unknown}
 h - 2 potions of mutation {unknown}
 m - 3 potions of curing {unknown}
 n - a potion of berserk rage {unknown}
 t - 2 potions of lignification {unknown}
 u - a potion of flight {unknown}
 x - a potion of ambrosia {unknown}
 z - a potion of degeneration {unknown}
 A - a potion of magic {unknown}
Comestibles
 f - 9 rations


   Skills:
 + Level 5.9 Fighting
 * Level 6.7 Maces & Flails
 + Level 5.9 Armour
 + Level 6.0 Shields


You had 7 spell levels left.
You didn't know any spells.
Your spell library was empty.

Dungeon Overview and Level Annotations

Branches:
Dungeon (7/15)
 Temple: D:4-7

Altars:
Ashenzari
Fedhas
Gozag
Hepliaklqana
Kikubaaqudgha
Makhleb
Ru
Vehumet
Wu Jian
Xom


Innate Abilities, Weirdness & Mutations

You are resistant to torment.
Your stone body is resilient. (AC +5)
You are immune to poison.
You resist negative energy. (rN+)
You are resistant to electric shocks. (rElec)
You can survive without breathing.
You are immune to petrification.
You are immune to rotting.


Message History

You hit the orc warrior but do no damage.
The orc warrior is heavily wounded.
The orc wizard closely misses you. You block the orc warrior's attack.
The orc wizard barely misses you.
You hit the orc warrior but do no damage.
The orc warrior is heavily wounded.
The orc warrior misses you.
The orc wizard points at you and mumbles some strange words.
The magic dart hits you but does no damage.
The orc warrior hits you with a +0 short sword!
You feel very mighty all of a sudden.
The orc wizard hits you but does no damage.
You block the orc warrior's attack. The orc wizard barely misses you.
The orc warrior hits you with a +0 short sword!
* * * LOW HITPOINT WARNING * * *
You closely miss the orc warrior.
The orc warrior is heavily wounded.
The orc wizard hits you but does no damage.
The orc warrior hits you with a +0 short sword!
You die...

## #.. ##.# #..#### ##
#...#.. ###.. ####
#......
......#######..###...>#
#....o@..<...........##
####.o............<....
#################..#
##.. #.. #.. ###


You could see an orc warrior and an orc wizard.

Vanquished Creatures
  Grinder (D:3)
  An ice beast (D:7)
  A centaur (D:5)
  A gnoll sergeant (D:3)
  Blork the orc (D:5)
  A bullfrog (D:4)
  A scorpion (D:4)
  4 crimson imps
  3 orc priests
  3 hounds
  A bullfrog skeleton (D:5)
  An orc wizard (D:5)
  Ijyb (D:3)
  3 worker ants
  A hound skeleton (D:4)
  7 adders
  5 gnolls
  A shadow imp (D:5)
  3 oozes
  A worm (D:2)
  An adder skeleton (D:7)
  2 dart slugs
  4 leopard geckos
  15 orcs
  8 bats
  2 giant cockroaches
  6 hobgoblins
  7 jackals (D:1)
  11 kobolds
  4 quokkas
  5 frilled lizards
  7 goblins
  A jackal skeleton (D:4)
  2 quokka zombies
  9 rats
125 creatures vanquished.

Vanquished Creatures (others)
  An orc (D:3)
  A hobgoblin (D:1)
2 creatures vanquished.

Grand Total: 127 creatures vanquished

Notes
Turn   | Place    | Note
-------+----------+-------------------------------------------
     0 | D:1      | mortelune the Gargoyle Fighter began the quest for the Orb.
     0 | D:1      | Reached XP level 1. HP: 14/14 MP: 1/1
   115 | D:1      | Reached XP level 2. HP: 13/19 MP: 2/2
   471 | D:1      | Reached XP level 3. HP: 23/23 MP: 3/3
  1103 | D:2      | Reached XP level 4. HP: 25/29 MP: 4/4
  1728 | D:2      | Found a shattered altar of Ashenzari.
  2122 | D:3      | Reached XP level 5. HP: 26/33 MP: 5/5
  2238 | D:3      | Found a shimmering altar of Xom.
  2246 | D:3      | Found a faded altar of an unknown god.
  2518 | D:3      | Noticed Ijyb
  2688 | D:3      | Killed Ijyb
  2888 | D:3      | Noticed Grinder
  2894 | D:3      | Found a blossoming altar of Fedhas.
  2896 | D:3      | Paralysed by Grinder for 6 turns
  2904 | D:3      | Paralysed by Grinder for 5 turns
  2911 | D:3      | Paralysed by Grinder for 3 turns
  2915 | D:3      | Killed Grinder
  2915 | D:3      | Reached XP level 6. HP: 17/39 MP: 6/6
  3189 | D:3      | Reached XP level 7. HP: 44/44 MP: 7/7
  3368 | D:4      | Found an ornate altar of the Wu Jian Council.
  3397 | D:3      | Reached skill level 5 in Maces & Flails
  3795 | D:3      | Reached skill level 5 in Shields
  3845 | D:4      | Reached skill level 5 in Fighting
  3845 | D:4      | Reached skill level 5 in Armour
  3999 | D:4      | You fall into a shaft and drop 3 floors!
  4198 | D:5      | Entered Level 5 of the Dungeon
  4201 | D:5      | Noticed Blork the orc
  4233 | D:5      | Killed Blork the orc
  4233 | D:5      | Reached XP level 8. HP: 26/50 MP: 8/8
  4515 | D:5      | Found a sacrificial altar of Ru.
  4527 | D:5      | Found a burning altar of Makhleb.
  4532 | D:5      | Found an ancient bone altar of Kikubaaqudgha.
  5198 | D:5      | Found an opulent altar of Gozag.
  5288 | D:5      | Found a radiant altar of Vehumet.
  5623 | D:5      | Found a hazy altar of Hepliaklqana.
  6121 | D:6      | Slain by an orc warrior

Levels and vault maps discovered:
D:1:      shiori_arrival_oz, layout_rooms
D:2:      minmay_evil_eye, layout_loops_corners, overflow_temple_1_default
D:3:      layout_basic, fedhas_altar_4, chequers_ecumenical_altar_island,
          led_xom_imps, uniq_grinder, uniq_ijyb
D:4:      layout_loops_cross, nicolae_overflow_crystal_walls
D:5:      layout_rooms, marbit_many_paths, lemuel_doored_altar,
          minmay_overflow_temple_star_quad, first_ration, serial_bayou,
          serial_bayou_lagoon_a, serial_bayou_pond_a, serial_bayou_pond_b,
          serial_bayou_pond_c, grunt_gozag_statues, uniq_blork_the_orc
D:6:      layout_layer_cave, overflow_temple_1_default,
          minmay_temple_entry_ruins, lemuel_angel_altar
D:7:      layout_loops_corners, kennysheep_mini_moat, the_bakery

Skill      XL: |  1  2  3  4  5  6  7  8 |
---------------+-------------------------+-----
Maces & Flails | 3 4 5 6 |  6.7
Fighting       | 4 5 |  5.9
Shields        | 4 5 6 |  6.0
Armour         | 4 5 |  5.9

Action                   |  1- 3 |  4- 6 |  7- 9 || total
-------------------------+-------+-------+-------++-------
Melee: Flail             |   126 |   288 |   305 ||   719
  Use: Potion            |       |       |     3 ||     3
  Eat: Chunk             |     1 |     6 |    10 ||    17
Armor: Scale mail        |   112 |   154 |   142 ||   408
Dodge: Dodged            |    66 |    80 |    85 ||   231
Block: Shield            |   105 |   139 |   163 ||   407
